 Dungeon Crawl Stone Soup version 0.29.1 (webtiles) character file.

Game seed: 15182920433214217554

13608 qw the Cleaver (level 12, -14/76 HPs)
             Began as a Gargoyle Fighter on Sept 13, 2022.
             Was an Elder of Okawaru.
             Killed from afar by an oklob plant (30 damage)
             ... with a splash of acid
             ... on level 11 of the Dungeon.
             The game lasted 00:04:07 (11496 turns).

qw the Cleaver (Gargoyle Fighter)                  Turns: 11496, Time: 00:04:08

Health: -14/76     AC: 27    Str: 26    XL:     12   Next: 7%
Magic:  17/18      EV: 11    Int:  8    God:    Okawaru [****..]
Gold:   371        SH:  7    Dex: 15    Spells: 11/11 levels left

rFire   . . .      SeeInvis +   Y - +2 broad axe (freeze)
rCold   . . .      Faith    .   c - +0 buckler
rNeg    + . .      Spirit   .   w - +0 plate armour
rPois   inf        Reflect  .   j - +0 helmet
rElec   +          Harm     .   (no cloak)
rCorr   .          Rampage  .   r - +0 pair of gloves
Will    .....                   o - +2 pair of boots
Stlth   ..........              (no amulet)
HPRegen 0.22/turn               f - ring of see invisible
MPRegen 0.16/turn               h - +6 ring of dexterity

@: about to teleport, heroic, corroded
A: sickness immunity, AC +8, negative energy resistance 1, electricity
resistance, torment resistance 1, petrification resistance
a: Renounce Religion, Heroism, Finesse


You were on level 11 of the Dungeon.
You worshipped Okawaru.
Okawaru was greatly pleased with you.
You visited 2 branches of the dungeon, and saw 12 of its levels.

You collected 621 gold pieces.
You spent 250 gold pieces at shops.


Innate Abilities, Weirdness & Mutations

You are immune to sickness and miasma.
Your stone body is resilient. (AC +8)
You are immune to poison.
You resist negative energy. (rN+)
You are resistant to electric shocks. (rElec)
You are resistant to unholy torment.
You are immune to petrification.


   Skills:
 - Level 9.0(14.0) Fighting
 - Level 11.2(16.2) Axes
 + Level 3.9(8.9) Throwing
 - Level 8.0(13.0) Armour
 - Level 3.8(8.8) Dodging
 - Level 5.9(10.9) Shields
 + Level 8.4 Invocations


You had 11 spell levels left.
You didn't know any spells.
Your spell library was empty.

Inventory:

Hand Weapons
 x - a +3 morningstar
 Y - a +2 broad axe of freezing (weapon)
Missiles
 m - 13 boomerangs
 t - 2 silver javelins
 u - 5 javelins (quivered)
Armour
 c - a +0 buckler (worn)
 j - a +0 helmet (worn)
 o - a +2 pair of boots (worn)
 r - a +0 pair of gloves (worn)
 v - a +2 buckler
 w - a +0 plate armour (worn)
Jewellery
 f - a ring of see invisible (left hand)
 h - a +6 ring of dexterity (right hand)
 k - a ring of willpower
Scrolls
 b - 2 scrolls of fog
 e - a scroll of identify
 p - a scroll of teleportation
 q - a scroll of enchant weapon {unknown}
Potions
 a - 2 potions of degeneration {unknown}
 d - 5 potions of might
 g - 6 potions of heal wounds
 i - 3 potions of attraction
 l - 5 potions of lignification
 n - a potion of flight {unknown}
 s - 6 potions of curing
 z - a potion of invisibility {unknown}

Dungeon Overview and Level Annotations

Branches:
Dungeon (11/15)            Temple (1/1) D:5            Lair (0/5) D:11
    Orc (0/2) D:11

Altars:
Ashenzari
Cheibriados
Dithmenos
Elyvilon
Fedhas
Gozag
Hepliaklqana
Kikubaaqudgha
Makhleb
Nemelex Xobeh
Okawaru
Qazlal
Ru
Sif Muna
Trog
Uskayaw
Vehumet
Wu Jian
Xom
Yredelemnul
Zin
The Shining One

Shops:
D:3 (**   D:6 !

Annotations:
D:8 1 runed translucent door, qw's ghost, novice GrFi


Message History

Enter note:
Enter note:
Enter note:
11303 ||| FLEEEEING.
You start waiting.
You are no longer corroded.
Done waiting.
The oklob plant spits acid at you.
The splash of acid hits you but does no damage.
You see here 18 gold pieces.
11423 ||| INVOKING Heroism.
You gain the combat prowess of a mighty hero.
You can no longer enter into single combat with a foe.
Okawaru will no longer gift you equipment.
The oklob plant spits acid at you. The splash of acid hits you!
The oklob plant spits acid at you. The splash of acid hits you.
Found a staircase to the Lair.
You start resting.
Magic restored.
You start resting.
You feel like a meek peon again.
HP restored.
11491 ||| INVOKING Heroism.
You gain the combat prowess of a mighty hero.
An oklob plant comes into view.
Found a twisted garnet ring and a pair of gloves.
The oklob plant spits acid at you. The splash of acid hits you.
The oklob plant spits acid at you. The splash of acid hits you!!
The oklob plant spits acid at you. The splash of acid hits you!!
The acid corrodes you!
11496 ||| READING 2 scrolls of teleportation.
As you read the scroll of teleportation, it crumbles to dust.
You feel strangely unstable. The oklob plant spits acid at you.
The splash of acid hits you!!
You die...

................ ###
.........#######
.........# .........#
#####
.........####...#######.
..........$....#...~...
....)............# ..#
##...[..........##...##.
##...########.#.@PPPP=..
#....# #.#~.PP>P..~
....#### #.#..PPPPP..
.8.....# ....##PP.##.
.......#.. ..... .[.#
)......... ##..#. .~...
.>....8..# #...# ####.
........## ####
.......##


You could see 3 oklob plants.

Vanquished Creatures
  Josephine (D:10)
  2 hydras
  2 two-headed ogres
  3 cyclopes
  An ugly thing (D:8)
  A manticore (D:8)
  A kobold demonologist (D:9)
  4 trolls
  Prince Ribbit (D:6)
  A slime creature (D:8)
  Grinder (D:5)
  A hornet (D:10)
  A dream sheep (shapeshifter) (D:2)
  A shadow (D:6)
  A wyvern (D:11)
  5 wraiths (D:10)
  A human (shapeshifter) (D:6)
  5 vampire mosquitoes
  Menkaure (D:7)
  2 steam dragons
  3 water moccasins
  5 orc warriors
  An ice beast (D:8)
  A black bear (D:7)
  2 ogres
  2 centaurs
  3 phantoms
  3 kobold brigands
  6 bullfrogs
  Blork the orc (D:5)
  2 gnoll sergeants
  A necrophage (D:6)
  5 scorpions
  2 wights
  2 killer bees
  7 howler monkeys (D:8)
  5 electric eels (D:8)
  A jelly (D:3)
  5 hounds
  6 orc priests
  Terence (D:3)
  6 iguanas
  10 orc wizards
  Natasha (thrice) (D:4)
  13 gnolls
  6 adders
  3 shadow imps
  2 white imps
  2 ufetubi (D:5)
  3 worms
  5 dart slugs
  50 orcs
  3 endoplasms
  3 giant cockroaches
  3 goblins
  4 hobgoblins
  2 jackals (D:3)
  A quokka (D:1)
  4 ball pythons
  4 bats
  2 frilled lizards
  21 kobolds
  A quokka zombie (D:6)
  4 rats
  A rat zombie (D:6)
256 creatures vanquished.

Vanquished Creatures (others)
  18 plants
18 creatures vanquished.

Grand Total: 274 creatures vanquished

Notes
Turn   | Place    | Note
-------+----------+-------------------------------------------
     0 | D:1      | qw the Gargoyle Fighter began the quest for the Orb.
     0 | D:1      | Reached XP level 1. HP: 14/14 MP: 1/1
     0 | D:1      | 0 ||| qw: Version: 0.1-a-119-g272c26d
     0 | D:1      | 0 ||| qw: Game counter: 11196
     0 | D:1      | 0 ||| qw: Always use a shield: true
     0 | D:1      | 0 ||| qw: God list: Okawaru
     0 | D:1      | 0 ||| qw: Allow faded altars: false
     0 | D:1      | 0 ||| qw: Do Orc after D:15 true
     0 | D:1      | 0 ||| qw: Do second Lair branch before Depths: true
     0 | D:1      | 0 ||| qw: Lair rune preference: random
     0 | D:1      | 0 ||| qw: Plans: Normal, Zot, God:TSO, Crypt, Tomb, Pan,
                  | Slime, Hells, Zig, Abyss, Orb
     0 | D:1      | 0 ||| PLANNING D:1-11
   139 | D:1      | Reached skill level 2 in Axes
   156 | D:1      | 156 ||| Stepping ~*~*~tactically~*~*~ (stealth).
   182 | D:1      | You fall into a shaft and drop 1 floor!
   183 | D:2      | 183 ||| UPGRADING to ring of see invisible.
   184 | D:2      | 184 ||| DROPPING +6 ring of intelligence.
   185 | D:2      | 185 ||| READING scroll labelled YFOOKK WYBB.
   186 | D:2      | 186 ||| READING scroll labelled POQAPS HAQU.
   208 | D:1      | Reached XP level 2. HP: 19/19 MP: 2/2
   434 | D:1      | Found a faded altar of an unknown god.
   546 | D:1      | 546 ||| DRINKING 3 glowing ruby potions.
   720 | D:2      | Reached skill level 3 in Axes
   723 | D:2      | 723 ||| Stepping ~*~*~tactically~*~*~ (water).
   913 | D:2      | Reached XP level 3. HP: 23/23 MP: 3/3
  1007 | D:2      | Noticed a glowing shapeshifter
  1007 | D:2      | a bat changed into a glowing shapeshifter
  1007 | D:2      | Noticed a snapping turtle
  1007 | D:2      | a glowing shapeshifter changed into a snapping turtle
  1014 | D:2      | Noticed a cyclops
  1014 | D:2      | a snapping turtle changed into a cyclops
  1015 | D:2      | Noticed a dream sheep
  1015 | D:2      | a cyclops changed into a dream sheep
  1016 | D:2      | HP: 3/23 [dream sheep (glowing shapeshifter) (5)]
  1017 | D:2      | Killed a dream sheep
  1018 | D:2      | Reached skill level 5 in Axes
  1018 | D:2      | Reached XP level 4. HP: 3/28 MP: 4/4
  1018 | D:2      | Reached XP level 5. HP: 4/32 MP: 5/5
  1483 | D:2      | 1483 ||| DROPPING +0 club.
  1545 | D:2      | 1545 ||| Stepping ~*~*~tactically~*~*~ (stealth).
  1868 | D:2      | 1868 ||| UPGRADING to +0 pair of boots.
  1873 | D:2      | 1873 ||| UPGRADING to +6 ring of dexterity.
  1874 | D:2      | 1874 ||| DRINKING 3 purple potions.
  1999 | D:3      | Noticed Terence
  2003 | D:3      | Killed Terence
  2004 | D:3      | Reached skill level 1 in Dodging
  2004 | D:3      | Reached XP level 6. HP: 37/37 MP: 6/6
  2028 | D:3      | Found Fuosaili's Weapon Boutique.
  2036 | D:3      | 2036 ||| SHOPLISTING +1 vorpal mace (149 gold, have 94).
  2040 | D:3      | 2040 ||| DROPPING +0 whip.
  2065 | D:3      | 2065 ||| Stepping ~*~*~tactically~*~*~ (stealth).
  2066 | D:3      | 2066 ||| Stepping ~*~*~tactically~*~*~ (stealth).
  2118 | D:3      | Found a broken altar of Ashenzari.
  2442 | D:3      | Found Tiromnuy's Assorted Antiques.
  2451 | D:3      | 2451 ||| BUYING potion of might (92 gold).
  2451 | D:3      | Bought a potion of might for 92 gold pieces
  2451 | D:3      | 2451 ||| SHOPLISTING runed hand axe (138 gold, have 23).
  2451 | D:3      | 2451 ||| SHOPLISTING runed plate armour (598 gold, have
                  | 23).
  2451 | D:3      | 2451 ||| BUYING scroll labelled NUTEMYQ GIRCHI (23 gold).
  2451 | D:3      | Bought a scroll labelled NUTEMYQ GIRCHI for 23 gold pieces
  2451 | D:3      | 2451 ||| SHOPLISTING scroll labelled RICAAM WUN OPUIT (23
                  | gold, have 0).
  2462 | D:3      | Found Zuseugh's General Store.
  2470 | D:3      | 2470 ||| Stepping ~*~*~tactically~*~*~ (hiding).
  2517 | D:3      | 2517 ||| Stepping ~*~*~tactically~*~*~ (stealth).
  2518 | D:3      | 2518 ||| SHOPLISTING potion of heal wounds (55 gold, have
                  | 0).
  2518 | D:3      | 2518 ||| SHOPLISTING scroll of identify (22 gold, have 0).
  2518 | D:3      | 2518 ||| Stepping ~*~*~tactically~*~*~ (stealth).
  2913 | D:3      | 2913 ||| READING 2 scrolls labelled NUTEMYQ GIRCHI.
  2914 | D:3      | 2914 ||| DROPPING scroll of amnesia.
  2983 | D:4      | Noticed Natasha
  2984 | D:4      | 2984 ||| Stepping ~*~*~tactically~*~*~ (hiding).
  2992 | D:4      | Killed Natasha
  3102 | D:4      | Identified the +12 quarterstaff "Kixzi" {vorpal, rCorr}
  3108 | D:4      | Reached skill level 6 in Axes
  3114 | D:4      | Reached XP level 7. HP: 32/43 MP: 7/7
  3561 | D:4      | Noticed Natasha
  3563 | D:4      | 3563 ||| FLEEEEING.
  3569 | D:4      | Killed Natasha
  3600 | D:4      | Noticed Natasha
  3607 | D:4      | Killed Natasha
  3795 | D:4      | 3795 ||| UPGRADING to +0 chain mail.
  3805 | D:4      | 3805 ||| DROPPING +0 scale mail.
  3806 | D:4      | 3806 ||| READING scroll labelled XIMETE MOONKAO.
  3810 | D:4      | 3810 ||| READING scroll labelled LEYVOA NERPHAO.
  3811 | D:4      | 3811 ||| DRINKING 3 orange potions.
  3916 | D:4      | 3916 ||| DRINKING 2 fuming blue potions.
  3917 | D:4      | 3917 ||| DROPPING 2 potions of berserk rage.
  3926 | D:5      | Entered Level 5 of the Dungeon
  3985 | D:5      | 3985 ||| Stepping ~*~*~tactically~*~*~ (hiding).
  3986 | D:5      | 3986 ||| Stepping ~*~*~tactically~*~*~ (hiding).
  3987 | D:5      | 3987 ||| Stepping ~*~*~tactically~*~*~ (hiding).
  3988 | D:5      | 3988 ||| Stepping ~*~*~tactically~*~*~ (hiding).
  3989 | D:5      | 3989 ||| Stepping ~*~*~tactically~*~*~ (hiding).
  3990 | D:5      | 3990 ||| Stepping ~*~*~tactically~*~*~ (hiding).
  3991 | D:5      | 3991 ||| Stepping ~*~*~tactically~*~*~ (hiding).
  3992 | D:5      | 3992 ||| Stepping ~*~*~tactically~*~*~ (hiding).
  3996 | D:5      | Noticed Blork the orc
  4002 | D:5      | Reached skill level 7 in Axes
  4008 | D:5      | Killed Blork the orc
  4028 | D:5      | 4028 ||| Stepping ~*~*~tactically~*~*~ (stealth).
  4173 | D:5      | 4173 ||| FLEEEEING.
  4174 | D:5      | 4174 ||| FLEEEEING.
  4175 | D:5      | 4175 ||| FLEEEEING.
  4176 | D:5      | 4176 ||| FLEEEEING.
  4276 | D:5      | Found a staircase to the Ecumenical Temple.
  4277 | D:5      | 4277 ||| PLANNING TEMPLE
  4277 | D:5      | 4277 ||| READING scroll labelled TUEPTA HAECKAE.
  4278 | D:5      | 4278 ||| READING 3 scrolls labelled GYCY NEVEARONO.
  4279 | D:5      | 4279 ||| DROPPING 2 scrolls of summoning.
  4284 | Temple   | Entered the Ecumenical Temple
  4440 | Temple   | 4440 ||| PLANNING D:1-11
  4456 | Temple   | Became a worshipper of Warmaster Okawaru
  4527 | D:5      | Reached skill level 1 in Throwing
  4567 | D:5      | Reached XP level 8. HP: 49/49 MP: 8/8
  4670 | D:5      | 4670 ||| Stepping ~*~*~tactically~*~*~ (stealth).
  4678 | D:5      | Reached * piety under Okawaru
  4713 | D:5      | Reached skill level 8 in Axes
  4713 | D:5      | Reached skill level 1 in Invocations
  4726 | D:5      | Noticed Grinder
  4727 | D:5      | 4727 ||| INVOKING Heroism.
  4731 | D:5      | Killed Grinder
  5083 | D:5      | 5083 ||| UPGRADING to +0 helmet.
  5088 | D:5      | 5088 ||| UPGRADING to +0 pair of gloves.
  5093 | D:5      | 5093 ||| READING scroll labelled POIFROWNOGUT.
  5094 | D:5      | 5094 ||| READING scroll labelled FIEZYT RUSCHUN.
  5135 | D:6      | 5135 ||| PLANNING OSSUARY
  5147 | D:6      | Noticed a shadow
  5148 | D:6      | 5148 ||| INVOKING Heroism.
  5153 | D:6      | Killed a shadow
  5154 | D:6      | Reached skill level 3 in Invocations
  5161 | D:6      | Reached skill level 6 in Fighting
  5167 | D:6      | Reached XP level 9. HP: 45/55 MP: 8/12
  5258 | D:6      | 5258 ||| READING scroll of teleportation.
  5259 | D:6      | 5259 ||| FLEEEEING.
  5261 | D:6      | Noticed Prince Ribbit
  5263 | D:6      | 5263 ||| INVOKING Heroism.
  5274 | D:6      | Killed Prince Ribbit
  5276 | D:6      | 5276 ||| DRINKING potion of curing.
  5276 | D:6      | 5276 ||| (to cure confusion)
  5295 | D:6      | Reached skill level 9 in Axes
  5512 | D:6      | 5512 ||| Stepping ~*~*~tactically~*~*~ (stealth).
  5513 | D:6      | 5513 ||| Stepping ~*~*~tactically~*~*~ (stealth).
  5677 | D:6      | Reached ** piety under Okawaru
  5725 | D:6      | 5725 ||| Stepping ~*~*~tactically~*~*~ (stealth).
  5728 | D:6      | 5728 ||| Stepping ~*~*~tactically~*~*~ (stealth).
  5739 | D:6      | 5739 ||| INVOKING Heroism.
  5840 | D:6      | 5840 ||| RIP OSSUARY
  5912 | D:6      | Found Kady's Distillery.
  5916 | D:6      | 5916 ||| PLANNING D:1-11
  5916 | D:6      | 5916 ||| BUYING potion of curing (45 gold).
  5916 | D:6      | Bought a potion of curing for 45 gold pieces
  5916 | D:6      | 5916 ||| BUYING potion of curing (45 gold).
  5916 | D:6      | Bought a potion of curing for 45 gold pieces
  5916 | D:6      | 5916 ||| BUYING potion of curing (45 gold).
  5916 | D:6      | Bought a potion of curing for 45 gold pieces
  5916 | D:6      | 5916 ||| SHOPLISTING potion of curing (45 gold, have 22).
  5916 | D:6      | 5916 ||| SHOPLISTING potion of haste (150 gold, have 22).
  5916 | D:6      | 5916 ||| SHOPLISTING potion of lignification (45 gold, have
                  | 22).
  5916 | D:6      | 5916 ||| SHOPLISTING potion of mutation (120 gold, have
                  | 22).
  5916 | D:6      | 5916 ||| SHOPLISTING potion of resistance (150 gold, have
                  | 22).
  6103 | D:6      | 6103 ||| UPGRADING to +2 pair of boots.
  6113 | D:6      | 6113 ||| DROPPING +0 pair of boots.
  6114 | D:6      | 6114 ||| READING scroll labelled HYGUPS MIARULY.
  6115 | D:6      | 6115 ||| READING scroll labelled ZALIPL CIULO.
  6145 | D:7      | 6145 ||| Stepping ~*~*~tactically~*~*~ (hiding).
  6155 | D:7      | 6155 ||| INVOKING Heroism.
  6157 | D:7      | 6157 ||| Stepping ~*~*~tactically~*~*~ (stealth).
  6213 | D:7      | 6213 ||| Stepping ~*~*~tactically~*~*~ (stealth).
  6235 | D:7      | 6235 ||| Stepping ~*~*~tactically~*~*~ (hiding).
  6241 | D:7      | 6241 ||| INVOKING Heroism.
  6249 | D:7      | 6249 ||| Stepping ~*~*~tactically~*~*~ (stealth).
  6250 | D:7      | 6250 ||| Stepping ~*~*~tactically~*~*~ (stealth).
  6260 | D:7      | 6260 ||| Stepping ~*~*~tactically~*~*~ (hiding).
  6402 | D:7      | 6402 ||| Stepping ~*~*~tactically~*~*~ (stealth).
  6418 | D:7      | 6418 ||| INVOKING Heroism.
  6437 | D:7      | 6437 ||| DROPPING +0 flail.
  6478 | D:7      | Noticed a six-headed hydra
  6479 | D:7      | 6479 ||| INVOKING Heroism.
  6483 | D:7      | 6483 ||| SWAPPING to +2 vorpal flail.
  6488 | D:7      | Killed a six-headed hydra
  6489 | D:7      | Reached skill level 10 in Axes
  6489 | D:7      | Reached XP level 10. HP: 37/63 MP: 11/13
  6489 | D:7      | 6489 ||| SWAPPING to +0 war axe of chaos.
  6634 | D:7      | 6634 ||| INVOKING Heroism.
  6638 | D:7      | 6638 ||| Stepping ~*~*~tactically~*~*~ (stealth).
  6684 | D:7      | Noticed Menkaure
  6685 | D:7      | 6685 ||| INVOKING Heroism.
  6692 | D:7      | Killed Menkaure
  7012 | D:7      | Reached *** piety under Okawaru
  7237 | D:7      | 7237 ||| READING 4 scrolls labelled RICAAM WUN OPUIT.
  7238 | D:7      | 7238 ||| READING 3 scrolls of identify.
  7238 | D:7      | 7238 ||| IDENTIFYING bubbling ruby potion
  7239 | D:7      | 7239 ||| READING 2 scrolls of identify.
  7239 | D:7      | 7239 ||| IDENTIFYING silvery potion
  7240 | D:7      | 7240 ||| DROPPING potion of brilliance.
  7308 | D:8      | 7308 ||| Stepping ~*~*~tactically~*~*~ (hiding).
  7310 | D:8      | 7310 ||| Stepping ~*~*~tactically~*~*~ (hiding).
  7628 | D:8      | 7628 ||| INVOKING Heroism.
  7630 | D:8      | Noticed a manticore
  7637 | D:8      | Reached skill level 6 in Armour
  7645 | D:8      | 7645 ||| INVOKING Heroism.
  7650 | D:8      | Killed a manticore
  7650 | D:8      | Received a gift from Okawaru
  7654 | D:8      | 7654 ||| FLEEEEING.
  7655 | D:8      | 7655 ||| FLEEEEING.
  7656 | D:8      | 7656 ||| FLEEEEING.
  7871 | D:8      | 7871 ||| INVOKING Heroism.
  7887 | D:8      | 7887 ||| SWAPPING to +2 broad axe of freezing.
  7888 | D:8      | 7888 ||| DROPPING +0 war axe of chaos.
  7895 | D:8      | 7895 ||| INVOKING Heroism.
  7938 | D:8      | Noticed a cyclops
  7939 | D:8      | 7939 ||| INVOKING Heroism.
  7948 | D:8      | Killed a cyclops
  7949 | D:8      | Reached skill level 3 in Throwing
  7961 | D:8      | Noticed a two-headed ogre
  7964 | D:8      | Killed a two-headed ogre
  8046 | D:8      | 8046 ||| INVOKING Heroism.
  8069 | D:8      | 8069 ||| Stepping ~*~*~tactically~*~*~ (stealth).
  8072 | D:8      | 8072 ||| Stepping ~*~*~tactically~*~*~ (stealth).
  8078 | D:8      | 8078 ||| INVOKING Heroism.
  8080 | D:8      | 8080 ||| Stepping ~*~*~tactically~*~*~ (hiding).
  8085 | D:8      | Reached skill level 11 in Axes
  8087 | D:8      | Reached XP level 11. HP: 68/68 MP: 12/14
  8268 | D:8      | 8268 ||| Stepping ~*~*~tactically~*~*~ (hiding).
  8269 | D:8      | 8269 ||| Stepping ~*~*~tactically~*~*~ (hiding).
  8271 | D:8      | 8271 ||| Stepping ~*~*~tactically~*~*~ (hiding).
  8275 | D:8      | Noticed a five-headed hydra
  8276 | D:8      | 8276 ||| INVOKING Heroism.
  8276 | D:8      | Noticed a cyan ugly thing
  8279 | D:8      | 8279 ||| SWAPPING to +2 vorpal flail.
  8293 | D:8      | Killed a five-headed hydra
  8293 | D:8      | Reached **** piety under Okawaru
  8293 | D:8      | Received a gift from Okawaru
  8294 | D:8      | Reached skill level 3 in Dodging
  8294 | D:8      | 8294 ||| SWAPPING to +2 broad axe of freezing.
  8298 | D:8      | 8298 ||| INVOKING Heroism.
  8303 | D:8      | Killed a cyan ugly thing
  8354 | D:8      | Noticed a cyclops
  8355 | D:8      | 8355 ||| Stepping ~*~*~tactically~*~*~ (stealth).
  8356 | D:8      | 8356 ||| Stepping ~*~*~tactically~*~*~ (stealth).
  8516 | D:8      | 8516 ||| INVOKING Heroism.
  8520 | D:8      | Killed a cyclops
  8536 | D:8      | 8536 ||| INVOKING Heroism.
  8612 | D:8      | 8612 ||| Stepping ~*~*~tactically~*~*~ (water).
  8776 | D:8      | Found a runed translucent door.
  8778 | D:8      | Noticed qw's ghost (novice GrFi)
  9072 | D:8      | Found a basalt altar of Yredelemnul.
  9074 | D:8      | 9074 ||| UPGRADING to +0 plate armour.
  9084 | D:8      | 9084 ||| DROPPING +0 chain mail.
  9085 | D:8      | 9085 ||| READING scroll labelled AGOFETR ZOSCHU.
  9200 | D:9      | Found a hazy altar of Hepliaklqana.
  9284 | D:9      | 9284 ||| INVOKING Heroism.
  9358 | D:9      | Noticed a two-headed ogre
  9359 | D:9      | 9359 ||| INVOKING Heroism.
  9366 | D:9      | Killed a two-headed ogre
  9368 | D:9      | Noticed a soul eater
  9369 | D:9      | Noticed a sixfirhy
  9376 | D:9      | Reached skill level 6 in Invocations
  9455 | D:9      | 9455 ||| INVOKING Heroism.
  9679 | D:9      | Found a radiant altar of Vehumet.
  9679 | D:9      | Found an ancient bone altar of Kikubaaqudgha.
  9782 | D:9      | 9782 ||| INVOKING Heroism.
  9868 | D:10     | Entered Level 10 of the Dungeon
  9913 | D:10     | 9913 ||| Stepping ~*~*~tactically~*~*~ (hiding).
  9914 | D:10     | 9914 ||| Stepping ~*~*~tactically~*~*~ (hiding).
  9924 | D:10     | 9924 ||| Stepping ~*~*~tactically~*~*~ (stealth).
  9926 | D:10     | 9926 ||| Stepping ~*~*~tactically~*~*~ (hiding).
  9935 | D:10     | 9935 ||| Stepping ~*~*~tactically~*~*~ (stealth).
  9971 | D:10     | 9971 ||| Stepping ~*~*~tactically~*~*~ (hiding).
 10155 | D:10     | Noticed Josephine
 10163 | D:10     | 10163 ||| INVOKING Heroism.
 10171 | D:10     | Killed Josephine
 10187 | D:10     | Reached ***** piety under Okawaru
 10190 | D:10     | 10190 ||| INVOKING Heroism.
 10191 | D:10     | Received a gift from Okawaru
 10192 | D:10     | 10192 ||| FLEEEEING.
 10193 | D:10     | 10193 ||| FLEEEEING.
 10194 | D:10     | 10194 ||| FLEEEEING.
 10195 | D:10     | 10195 ||| FLEEEEING.
 10196 | D:10     | 10196 ||| FLEEEEING.
 10197 | D:10     | 10197 ||| FLEEEEING.
 10198 | D:10     | 10198 ||| FLEEEEING.
 10199 | D:10     | 10199 ||| FLEEEEING.
 10200 | D:10     | 10200 ||| FLEEEEING.
 10201 | D:10     | 10201 ||| FLEEEEING.
 10202 | D:10     | 10202 ||| FLEEEEING.
 10203 | D:10     | 10203 ||| FLEEEEING.
 10204 | D:10     | 10204 ||| FLEEEEING.
 10205 | D:10     | 10205 ||| FLEEEEING.
 10206 | D:10     | 10206 ||| FLEEEEING.
 10207 | D:10     | 10207 ||| FLEEEEING.
 10208 | D:10     | 10208 ||| FLEEEEING.
 10209 | D:10     | 10209 ||| FLEEEEING.
 10210 | D:10     | 10210 ||| FLEEEEING.
 10211 | D:10     | 10211 ||| FLEEEEING.
 10212 | D:10     | 10212 ||| FLEEEEING.
 10213 | D:10     | 10213 ||| FLEEEEING.
 10214 | D:10     | 10214 ||| FLEEEEING.
 10215 | D:10     | 10215 ||| FLEEEEING.
 10218 | D:10     | 10218 ||| INVOKING Heroism.
 10470 | D:10     | 10470 ||| Stepping ~*~*~tactically~*~*~ (stealth).
 10474 | D:10     | 10474 ||| Stepping ~*~*~tactically~*~*~ (stealth).
 10475 | D:10     | 10475 ||| INVOKING Heroism.
 10482 | D:10     | 10482 ||| Stepping ~*~*~tactically~*~*~ (cloud).
 10483 | D:10     | 10483 ||| Stepping ~*~*~tactically~*~*~ (hiding).
 10484 | D:10     | 10484 ||| Stepping ~*~*~tactically~*~*~ (stealth).
 10513 | D:10     | 10513 ||| INVOKING Heroism.
 10722 | D:10     | 10722 ||| INVOKING Heroism.
 10723 | D:10     | 10723 ||| Stepping ~*~*~tactically~*~*~ (hiding).
 10983 | D:11     | 10983 ||| INVOKING Heroism.
 10991 | D:11     | Received a gift from Okawaru
 10992 | D:11     | Reached skill level 9 in Fighting
 11086 | D:11     | 11086 ||| INVOKING Heroism.
 11094 | D:11     | Reached XP level 12. HP: 76/76 MP: 16/18
 11179 | D:11     | 11179 ||| Stepping ~*~*~tactically~*~*~ (stealth).
 11181 | D:11     | 11181 ||| Stepping ~*~*~tactically~*~*~ (stealth).
 11185 | D:11     | 11185 ||| Stepping ~*~*~tactically~*~*~ (stealth).
 11194 | D:11     | 11194 ||| Stepping ~*~*~tactically~*~*~ (stealth).
 11196 | D:11     | 11196 ||| Stepping ~*~*~tactically~*~*~ (hiding).
 11201 | D:11     | 11201 ||| INVOKING Heroism.
 11243 | D:11     | 11243 ||| INVOKING Heroism.
 11245 | D:11     | 11245 ||| Stepping ~*~*~tactically~*~*~ (stealth).
 11259 | D:11     | Found a staircase to the Orcish Mines.
 11262 | D:11     | 11262 ||| DROPPING +2 vorpal flail.
 11303 | D:11     | 11303 ||| FLEEEEING.
 11423 | D:11     | 11423 ||| INVOKING Heroism.
 11425 | D:11     | Found a staircase to the Lair.
 11491 | D:11     | 11491 ||| INVOKING Heroism.
 11495 | D:11     | HP: 16/76 [oklob plant/splash of acid (27)]
 11496 | D:11     | 11496 ||| READING 2 scrolls of teleportation.
 11496 | D:11     | Killed from afar by an oklob plant

Levels and vault maps discovered:
D:1:      dpeg_arrival_stone_temple_mockup, layout_rooms,
          shapermc_ecumenical_altar_pompeii, eino_curves_03
D:2:      layout_loops_corners, serial_bayou, serial_bayou_lagoon_a,
          serial_bayou_crossing, serial_bayou_pond_a, serial_bayou_lake_a,
          kennysheep_crisscross, nicolae_figureground_pulse
D:3:      layout_loops_ring, evilmike_ruin_ashenzari, serial_shops, shop, shop,
          nicolae_diamond_shop, uniq_terence
D:4:      layout_cave_pools, minivault_19, minivault_27, uniq_natasha
D:5:      layout_basic, minmay_temple_entry_wispy, serial_bayou,
          serial_bayou_pond_b, serial_bayou_shore_b, serial_bayou_shore_b,
          serial_bayou_pond_a, minmay_misc_feat_more_columns, st_stairs_13,
          minmay_manual_mess, uniq_grinder, uniq_blork_the_orc
D:6:      layout_basic, serial_shops, kennysheep_mini, enter_ossuary_4,
          minmay_holes, nicolae_concentric_dashed_squares_wild,
          minmay_manual_monstrance, uniq_prince_ribbit1
D:7:      layout_basic, uniq_menkaure
D:8:      nzn_winding_woodlands_large [nzn_winding_woodlands_hourglass,
          nzn_winding_woodlands_5x15_pool, nzn_winding_woodlands_5x5_three,
          nzn_winding_woodlands_center_lodge,
          nzn_winding_woodlands_15x15_eel_pit,
          nzn_winding_woodlands_center_triple_pond,
          nzn_winding_woodlands_5x5_cross,
          nzn_winding_woodlands_5x15_lazy_stream,
          nzn_winding_woodlands_5x5_open_star], layout_loops_corners,
          lemuel_coloured_pillars_altar, gammafunk_ghost_grave
D:9:      layout_basic, mainiacjoe_overflow_six_doors_small,
          chequers_temple_overflow_statue_of_worship
D:10:     layout_loops_ring, item_on_display_a, uniq_josephine
D:11:     layout_long_grid, dpeg_oklobed_lair, david_orc_2
Temple:   nicolae_temple_bog_church

Skill      XL: |  1  2  3  4  5  6  7  8  9 10 11 |
---------------+----------------------------------+-----
Axes           | 2 3 5 6 7 8 10 11 | 11.2
Dodging        | 1 2 3 |  3.8
Fighting       | 4 5 6 7 8 9 |  9.0
Throwing       | 1 3 |  3.9
Invocations    | 4 8 |  8.4
Armour         | 4 5 6 8 |  8.0
Shields        | 4 5 |  5.9

Action                   |  1- 3 |  4- 6 |  7- 9 | 10-12 || total
-------------------------+-------+-------+-------+-------++-------
Melee: War axe           |    61 |    94 |   202 |    53 ||   410
       Flail             |       |       |     4 |    14 ||    18
       Broad axe         |       |       |       |   263 ||   263
Throw: Boomerang         |       |       |    74 |     8 ||    82
       Javelin           |       |       |       |    42 ||    42
Invok: Heroism           |       |       |     8 |    29 ||    37
  Use: Scroll            |     2 |     1 |     9 |     5 ||    17
       Potion            |     1 |     1 |     3 |       ||     5
 Stab: Paralysed         |       |       |     3 |       ||     3
Armor: Scale mail        |    27 |    44 |    18 |       ||    89
       Chain mail        |       |       |    63 |    79 ||   142
       Plate armour      |       |       |       |   102 ||   102
Dodge: Dodged            |    22 |    41 |    66 |   115 ||   244
Block: Buckler           |     8 |    12 |    42 |    86 ||   148

Table legend:
 A = Non-vault XP
 B = Vault XP
 C = Vault XP percentage of total XP
 D = Non-vault monster count
 E = Vault monster count
 F = Vault count percentage of total count
                 A         B        C        D         E       F
            +---------+---------+-------+---------+---------+-------
      Total |    9908 |    9533 |  49.0 |     197 |      59 |  23.0
            +---------+---------+-------+---------+---------+-------
        D:1 |      22 |       0 |   0.0 |      12 |       0 |   0.0
        D:2 |     284 |       0 |   0.0 |      18 |       0 |   0.0
        D:3 |     109 |      36 |  24.8 |      19 |       1 |   5.0
        D:4 |     295 |      35 |  10.6 |      16 |       1 |   5.9
        D:5 |     164 |     914 |  84.8 |       6 |      14 |  70.0
        D:6 |    1047 |     966 |  48.0 |      22 |       8 |  26.7
        D:7 |    1740 |     175 |   9.1 |      34 |       1 |   2.9
        D:8 |     786 |    5312 |  87.1 |      18 |      21 |  53.8
        D:9 |    2036 |       0 |   0.0 |      19 |       0 |   0.0
       D:10 |    1929 |    1941 |  50.2 |      24 |       6 |  20.0
       D:11 |    1496 |     154 |   9.3 |       9 |       7 |  43.8
            +---------+---------+-------+---------+---------+-------
